 Dungeon Crawl Stone Soup version 0.19.1 (webtiles) character file.

65 Firecrotchwizard the Digger (level 4, -3/24 HPs)
             Began as a Gargoyle Earth Elementalist on Dec 9, 2016.
             Slain by a centaur (6 damage)
             ... on level 3 of the Dungeon.
             The game lasted 00:08:58 (2724 turns).

Firecrotchwizard the Digger (GrEE)                  Turns: 2724, Time: 00:08:58

Health: -3/24      AC:  8    Str: 12    XL:     4   Next: 13%
Magic:  8/8        EV: 12    Int: 16    God:
Gold:   100        SH:  0    Dex: 10    Spells: 2 memorised, 5 levels left

rFire  . . .     SeeInvis .     u - +1 trident (flame)
rCold  . . .     Gourm    .     c - +0 robe
rNeg   + . .     Faith    .     (no shield)
rPois  ∞         Spirit   .     (no helmet)
rElec  +         Reflect  .     (no cloak)
rCorr  .         Harm     .     (no gloves)
MR     .....                    p - +2 pair of boots
Stlth  ++........               (no amulet)
                                (no ring)
                                (no ring)

@: no status effects
A: negative energy resistance 1, electricity resistance, unbreathing,
petrification resistance, rot immunity, AC +3
a: no special abilities


You were on level 3 of the Dungeon.
You were not hungry.

You visited 1 branch of the dungeon, and saw 3 of its levels.

You collected 100 gold pieces.

Inventory:

Hand Weapons
 f - a +0 mace
 u - a +1 trident of flaming (weapon)
Missiles
 b - 67 stones (quivered)
Armour
 c - a +0 robe (worn)
 p - a +2 pair of boots (worn)
Scrolls
 h - a scroll of enchant armour {unknown}
 i - a scroll of remove curse {unknown}
 j - a scroll of teleportation {unknown}
 l - 2 scrolls of identify {unknown}
 o - a scroll of noise {unknown}
 r - a scroll of blinking {unknown}
 s - a scroll of fog {unknown}
Potions
 g - a potion of invisibility {unknown}
 k - 2 potions of flight {unknown}
 m - a potion of agility {unknown}
Books
 e - a book of Geomancy

   Spells                             Type                      Level
   a - Sandblast                      Earth                        1
   b - Passwall                       Transmutation/Earth          2
   c - Stone Arrow                    Conjuration/Earth            3
   d - Petrify                        Transmutation/Earth          4
   e - Lee's Rapid Deconstruction     Earth                        5
Comestibles
 a - 2 beef jerkies
 d - a slice of pizza
 n - a bread ration
 q - a royal jelly
 t - a chunk of flesh


   Skills:
 - Level 1.5 Dodging
 - Level 2.1 Stealth
 + Level 3.1 Spellcasting
   Level 0.7 Transmutations
 + Level 4.8 Earth Magic


You had 5 spell levels left.
You knew the following spells:

 Your Spells              Type           Power        Failure   Level  Hunger
a - Sandblast             Erth           ###...       2%          1    None
b - Stone Arrow           Conj/Erth      ##....       21%         3    ###....


Dungeon Overview and Level Annotations

Branches:
Dungeon (3/15)

Altars:
Ashenzari
Dithmenos
Elyvilon
Gozag
Nemelex Xobeh
Okawaru


Innate Abilities, Weirdness & Mutations

You are resistant to torment.
Your stone body is resilient. (AC +3)
You are immune to poison.
You resist negative energy. (rN+)
You are resistant to electric shocks. (rElec)
You can survive without breathing.
You are immune to petrification.
You are immune to rotting.


Message History

The centaur unwields an uncursed shortbow.
The centaur closely misses you. The centaur hits you.
* * * LOW HITPOINT WARNING * * *
You are too injured to fight recklessly!
You are too injured to fight recklessly!
You are too injured to fight recklessly!
You hit the centaur. You burn the centaur.
The centaur is lightly wounded.
The centaur hits you.
* * * LOW HITPOINT WARNING * * *
The centaur completely misses you.
You hit the centaur. You burn the centaur.
The centaur is heavily wounded.
The centaur barely misses you. The centaur hits you.
* * * LOW HITPOINT WARNING * * *
You hit the centaur but do no damage.
The centaur is heavily wounded.
The centaur hits you but does no damage.
The centaur hits you.
You die...

#########
########........
.........#######
.#...........###
...####.####..(#####
#÷.##.....##...(@c.#
...#.......#.#.###.#
.#.#.......#.#... ..
......._..........
...
#..#.......#..#####
### ##.#.......#..#
...##.....##..# ##.#
##.# #.# # ... ..


You could see a centaur.

Vanquished Creatures
  An adder (D:2)
  3 dart slugs
  A leopard gecko (D:2)
  An orc (D:3)
  A giant cockroach (D:1)
  7 goblins
  8 hobgoblins
  2 quokkas
  A ball python (D:2)
  3 bats (D:1)
  A frilled lizard (D:1)
  7 kobolds
  9 rats
45 creatures vanquished.

Notes
Turn   | Place    | Note
-------+----------+-------------------------------------------
     0 | D:1      | Firecrotchwizard the Gargoyle Earth Elementalist began the quest for the Orb.
     0 | D:1      | Reached XP level 1. HP: 10/10 MP: 3/3
   239 | D:1      | Reached skill level 4 in Earth Magic
   643 | D:1      | Reached XP level 2. HP: 14/15 MP: 5/5
  1487 | D:1      | Reached XP level 3. HP: 17/19 MP: 6/6
  1571 | D:1      | Learned a level 3 spell: Stone Arrow
  1959 | D:2      | Found an opulent altar of Gozag.
  2409 | D:2      | Found a faded altar of an unknown god.
  2409 | D:2      | Found an iron altar of Okawaru.
  2419 | D:2      | Found a faded altar of an unknown god.
  2421 | D:2      | Found a faded altar of an unknown god.
  2423 | D:2      | Found a sparkling altar of Nemelex Xobeh.
  2611 | D:3      | Found a shattered altar of Ashenzari.
  2647 | D:3      | Reached XP level 4. HP: 24/24 MP: 8/8
  2649 | D:3      | Found a white marble altar of Elyvilon.
  2689 | D:3      | Found a shadowy altar of Dithmenos.
  2715 | D:3      | Noticed a centaur
  2724 | D:3      | Slain by a centaur

Skill      XL: |  1  2  3 |
---------------+----------+-----
Earth Magic    | 4 |  4.8
Spellcasting   | 3 |  3.1
Dodging        | |  1.5
Stealth        | |  2.1
Transmutations | |  0.7

Action                   |  1- 3 |  4- 6 || total
-------------------------+-------+-------++-------
Melee: Mace              |   135 |     5 ||   140
       Trident           |       |     4 ||     4
 Cast: Sandblast         |    12 |       ||    12
       Stone Arrow       |     2 |       ||     2
 Stab: Sleeping          |     2 |       ||     2
  Eat: Chunk             |     1 |     1 ||     2
       Bread ration      |     1 |       ||     1
Armor: Robe              |    51 |     1 ||    52
Dodge: Dodged            |   109 |     3 ||   112
